 Dungeon Crawl Stone Soup version 0.28.0-53-g5a82cb258f (webtiles) character file.

Game seed: 2428350286593913213

16811 Ashen the Frost Mage (level 12, -10/94 HPs)
             Began as a Demonspawn Ice Elementalist on July 25, 2022.
             Was a Priest of Vehumet.
             Mangled by an ettin
             ... wielding a +0 dire flail
              (19 damage)
             ... on level 2 of the Orcish Mines.
             The game lasted 00:32:33 (15549 turns).

Ashen the Frost Mage (Demonspawn Ice Elementalist) Turns: 15549, Time: 00:32:33

Health: -10/94     AC: 17    Str:  9    XL:     12   Next: 13%
Magic:  18/24      EV: 14    Int: 24    God:    Vehumet [***...]
Gold:   1251       SH:  0    Dex: 13    Spells: 9/27 levels left

rFire   . . .      SeeInvis .   n - +1 short sword (elec)
rCold   . . .      Faith    +   (no shield)
rNeg    . . .      Spirit   .   t - +0 troll leather armour
rPois   .          Reflect  .   k - +1 helmet
rElec   .          Harm     .   (no cloak)
rCorr   .          Rampage  .   p - +2 pair of gloves
Will    +....                   l - +0 pair of boots
Stlth   ++++......              w - amulet of faith
HPRegen 1.05/turn               h - +4 ring of slaying
MPRegen 0.19/turn               e - ring of willpower

@: ice-armoured, freezing walls
A: demonic guardian 2, powered by death 2, big brain 1, weakness stinger 1
a: Renounce Religion


You were on level 2 of the Orcish Mines.
You worshipped Vehumet.
Vehumet was most pleased with you.
You visited 3 branches of the dungeon, and saw 15 of its levels.

You collected 1382 gold pieces.
You spent 131 gold pieces at shops.

Inventory:

Hand Weapons
 c - a +4 dagger
 n - a +1 short sword of electrocution (weapon)
 C - a +2 dagger of distortion
Armour
 d - a +2 robe of fire resistance
 k - a +1 helmet (worn)
 l - a +0 pair of boots (worn)
 p - a +2 pair of gloves (worn)
 t - a +0 troll leather armour (worn)
Magical Staves
 y - a staff of cold
Jewellery
 e - a ring of willpower (right hand)
 h - a +4 ring of slaying (left hand)
 w - an amulet of faith (around neck)
 x - a ring of poison resistance
Wands
 z - a wand of charming (2)
 A - a wand of paralysis (5)
 G - a wand of flame (9)
Scrolls
 a - a scroll of fear
 b - 13 scrolls of identify
 g - 3 scrolls of vulnerability
 o - 3 scrolls of blinking
 u - a scroll of enchant armour
 E - a scroll of magic mapping {unknown}
 F - a scroll of immolation
 H - a scroll of fog {unknown}
Potions
 f - 4 potions of flight {unknown}
 i - 2 potions of heal wounds
 j - 3 potions of ambrosia {unknown}
 m - 3 potions of invisibility {unknown}
 q - 2 potions of curing
 r - 2 potions of haste
 s - 2 potions of mutation {unknown}
 v - a potion of degeneration {unknown}
 B - 2 potions of magic {unknown}
 D - a potion of berserk rage {unknown}
 I - 2 potions of might {unknown}


   Skills:
 + Level 8.3 Fighting
 + Level 7.8 Dodging
 + Level 8.5 Stealth
 + Level 8.0 Spellcasting
 + Level 7.4 Conjurations
 + Level 8.6 Ice Magic


You had 9 spell levels left.
You knew the following spells:

 Your Spells              Type           Power      Damage    Failure   Level
a - Freeze                Ice            100%       1d11      1%          1
b - Frozen Ramparts       Ice            100%       1d12      1%          3
c - Ozocubu's Armour      Ice            50%        N/A       1%          3
d - Hailstorm             Conj/Ice       48%        3d11      1%          4
e - Ozocubu's Refrigerat  Ice            25%        4d10      47%         7

Your spell library contained the following spells:

 Spells                   Type           Power      Damage    Failure   Level
 Scorch                   Fire           18%        2d6       4%          2
 Poisonous Vapours        Pois/Air       18%        N/A       4%          2
 Inner Flame              Hex/Fire       9%         N/A       7%          3
 Sting                    Tmut/Pois      36%        1d4       9%          1
 Summon Small Mammal      Summ           36%        N/A       9%          1
 Olgreb's Toxic Radiance  Pois           9%         N/A       22%         4
 Gell's Gravitas          Tloc           9%         N/A       26%         3
 Lesser Beckoning         Tloc           9%         N/A       26%         3
 Teleport Other           Tloc           9%         N/A       26%         3
 Lee's Rapid Deconstruct  Erth           4%         3d6*      50%         5
 Cause Fear               Hex            4%         N/A       65%         4
 Leda's Liquefaction      Hex/Erth       4%         N/A       65%         4
 Summon Forest            Summ/Tloc      4%         N/A       94%         5
 Statue Form              Tmut/Erth      6%         N/A       100%        6
 Malign Gateway           Summ/Tloc      4%         N/A       100%        7
 Summon Hydra             Summ           4%         N/A       100%        7
 Discord                  Hex            4%         N/A       100%        8


Dungeon Overview and Level Annotations

Branches:
Dungeon (12/15)            Temple (1/1) D:6            Lair (0/6) D:10
    Orc (2/2) D:10
    Elf: Orc:2

Altars:
Ashenzari
Cheibriados
Dithmenos
Elyvilon
Fedhas
Gozag
Hepliaklqana
Kikubaaqudgha
Makhleb
Nemelex Xobeh
Okawaru
Qazlal
Ru
Sif Muna
Trog
Uskayaw
Vehumet
Wu Jian
Xom
Yredelemnul
Zin
The Shining One
Beogh

Shops:
D:6 *   D:9 *   Orc:2 (*

Annotations:
D:11 1 runed translucent door, erker's ghost, journeyman OpEE


Innate Abilities, Weirdness & Mutations

A demonic guardian rushes to your aid.
You regenerate health from kills.
You have an unusually large brain. (Int +2)
You have a small tail.


Message History

You now have 1197 gold pieces (gained 14).
You now have 1218 gold pieces (gained 21).
You now have 1232 gold pieces (gained 14).
You now have 1242 gold pieces (gained 10).
You now have 1251 gold pieces (gained 9).
A cyclops comes into view.
The cyclops shouts!
You hear a shout!
A cyclops comes into view.
An ettin comes into view.
It is wielding a +0 dire flail and a +0 great mace.
Found Agemichu's General Store.
The ettin shouts in stereo!
Found a roughly hewn altar of Beogh.
Casting: Ozocubu's Armour (safe; 1% risk of failure)
Confirm with . or Enter, or press ? or * to list all spells.
Casting: Frozen Ramparts (safe; 1% risk of failure)
Press: ? - help, Dir - look around, f - activate The walls around you are covered in ice.
The wall freezes the ettin.
Casting: Frozen Ramparts (safe; 1% risk of failure)
Confirm with . or Enter, or press ? or * to list all spells.
A film of ice covers your body!
The wall freezes the ettin.
The ettin hits you with a +0 dire flail!!
The ettin hits you with a +0 great mace!
The wall freezes the cyclops!
You barely miss the ettin.
You tail-slap the ettin, but do no damage.
The ettin is lightly wounded.
The wall freezes the ettin.
The ettin hits you with a +0 dire flail!!
The ettin hits you but does no damage.
Unknown command.
You hit the ettin but do no damage. Lightning courses through the ettin!!
You tail-slap the ettin, but do no damage.
The ettin is moderately wounded.
The wall freezes the ettin!
The ettin hits you with a +0 dire flail!!
* * * LOW HITPOINT WARNING * * *
A demonic guardian appears!
The ettin hits you with a +0 great mace!!
You die...

#...................
##..#.................#
#................##... .
##..#..##........#......
########.............._
#........#.#....
##......4.......
##.#.#.........
####..@#.# #.CC## ##.C#
#.......P.. #...........
.......PC....
........8C.....
#..............
##....P...∩....


You could see an ettin (ally target), 2 cyclopes and a friendly orange demon
(summoned).

Vanquished Creatures
  Josephine (D:9)
  A death knight (D:11)
  4 two-headed ogres
  Sonja (D:10)
  An orc knight (Orc:1)
  An ugly thing (D:10)
  2 orc sorcerers
  2 cyclopes (Orc:2)
  Joseph (D:10)
  A troll (D:10)
  2 slime creatures
  6 wraiths
  A wyvern (D:11)
  4 yaks
  2 vampires
  5 vampire mosquitoes
  3 steam dragons
  A basilisk (D:8)
  2 acid dragons
  A warg (Orc:1)
  2 water moccasins
  A black bear (D:4)
  7 orc warriors
  An ice beast (D:8)
  2 hornet zombies
  6 ogres
  2 sky beasts (D:8)
  3 centaurs
  3 phantoms
  2 kobold brigands
  2 bullfrogs (D:8)
  4 scorpions
  A wyvern skeleton (D:5)
  10 wights
  2 jellies
  4 howler monkeys
  4 centaur zombies
  A bullfrog zombie (D:5)
  A centaur skeleton (D:7)
  5 orc priests
  3 iguanas
  A scorpion zombie (D:5)
  Natasha (twice) (D:2)
  11 orc wizards
  A killer bee zombie (D:5)
  3 hound skeletons
  A howler monkey zombie (D:9)
  Robin (D:1)
  4 gnolls
  A howler monkey skeleton (D:7)
  5 adders
  3 shadow imps
  An ufetubus (D:7)
  37 orcs
  4 bats
  4 endoplasms
  A giant cockroach (D:2)
  7 hobgoblins
  10 kobolds
  A quokka (D:1)
  3 ball pythons
  A frilled lizard (D:1)
  8 goblins
  7 rats
225 creatures vanquished.

Vanquished Creatures (collateral kills)
  A stone giant (Orc:1)
  A two-headed ogre (D:11)
  An orc warrior (D:7)
  A centaur (D:5)
  2 goblins (D:2)
  A hobgoblin (D:2)
7 creatures vanquished.

Vanquished Creatures (others)
  3 fungi (Orc:2)
  3 plants (D:3)
6 creatures vanquished.

Grand Total: 238 creatures vanquished

Notes
Turn   | Place    | Note
-------+----------+-------------------------------------------
     0 | D:1      | Ashen the Demonspawn Ice Elementalist began the quest for
                  | the Orb.
     0 | D:1      | Reached XP level 1. HP: 13/13 MP: 3/3
   437 | D:1      | Gained mutation: You regenerate a little health from kills.
                  | [demonic ancestry]
   437 | D:1      | Reached XP level 2. HP: 17/20 MP: 1/5
  1109 | D:2      | You fall into a shaft and drop 2 floors!
  1309 | D:3      | Reached skill level 1 in Fighting
  1309 | D:3      | Gained mutation: A weak demonic guardian rushes to your
                  | aid. [demonic ancestry]
  1309 | D:3      | Reached XP level 3. HP: 20/26 MP: 6/6
  2144 | D:2      | Noticed Robin
  2167 | D:1      | Killed Robin
  2173 | D:1      | Learned a level 3 spell: Frozen Ramparts
  2409 | D:2      | Noticed Natasha
  2417 | D:2      | Killed Natasha
  2418 | D:2      | Reached XP level 4. HP: 25/32 MP: 4/7
  2889 | D:2      | Noticed Natasha
  2899 | D:2      | Killed Natasha
  3318 | D:4      | Reached XP level 5. HP: 38/38 MP: 9/9
  3758 | D:4      | Noticed an ogre
  3883 | D:4      | Killed an ogre
  3884 | D:4      | Gained mutation: You have a small tail. [demonic ancestry]
  3884 | D:4      | Reached XP level 6. HP: 30/46 MP: 6/10
  4649 | D:5      | Entered Level 5 of the Dungeon
  5127 | D:5      | Gained mutation: You have an unusually large brain. (Int
                  | +2) [demonic ancestry]
  5127 | D:5      | Reached XP level 7. HP: 46/52 MP: 12/12
  5137 | D:5      | HP: 2/52 [centaur/arrow (8)]
  5149 | D:6      | Noticed a steam dragon
  5158 | D:6      | Killed a steam dragon
  5242 | D:6      | Learned a level 3 spell: Ozocubu's Armour
  5343 | D:6      | Learned a level 4 spell: Hailstorm
  5353 | D:5      | Reached skill level 5 in Ice Magic
  5533 | D:5      | Reached skill level 1 in Conjurations
  5788 | D:5      | Reached XP level 8. HP: 41/60 MP: 7/14
  6661 | D:6      | Reached skill level 5 in Stealth
  7040 | D:6      | Gained mutation: You regenerate health from kills. [demonic
                  | ancestry]
  7040 | D:6      | Reached XP level 9. HP: 66/67 MP: 16/16
  7148 | D:6      | Found Zigueb's Gadget Gallery.
  7192 | D:6      | Reached skill level 5 in Spellcasting
  7270 | D:6      | Found a staircase to the Ecumenical Temple.
  7652 | Temple   | Entered the Ecumenical Temple
  7992 | Temple   | Became a worshipper of Vehumet
  8067 | D:7      | Reached skill level 5 in Fighting
  8314 | D:7      | Reached skill level 5 in Dodging
  8489 | D:7      | Found an ancient bone altar of Kikubaaqudgha.
  8960 | D:8      | Learned a level 7 spell: Ozocubu's Refrigeration
  9006 | D:8      | Found a sparkling altar of Nemelex Xobeh.
  9143 | D:8      | Noticed a two-headed ogre
  9168 | D:8      | Reached * piety under Vehumet
  9168 | D:8      | Offered knowledge of Sandblast by Vehumet.
  9178 | D:8      | Killed a two-headed ogre
  9179 | D:8      | Reached XP level 10. HP: 55/76 MP: 9/18
  9783 | D:8      | Reached skill level 5 in Conjurations
 10457 | D:9      | Found Udomiput's Assorted Antiques.
 10475 | D:9      | Bought a fuming silvery potion for 25 gold pieces
 10475 | D:9      | Bought a scroll labelled KIATEI GAPYPP for 28 gold pieces
 10475 | D:9      | Bought a fuming pink potion for 25 gold pieces
 10475 | D:9      | Bought a scroll labelled KUMIOV XOTOW for 28 gold pieces
 10475 | D:9      | Bought a fuming blue potion for 25 gold pieces
 10930 | D:10     | Entered Level 10 of the Dungeon
 11143 | D:10     | Noticed a green ugly thing
 11153 | D:10     | Killed a green ugly thing
 11410 | D:10     | Noticed a two-headed ogre
 11418 | D:10     | Killed a two-headed ogre
 11783 | D:10     | Noticed Josephine
 11819 | D:10     | Noticed Joseph
 12019 | D:10     | Gained mutation: A demonic guardian rushes to your aid.
                  | [demonic ancestry]
 12019 | D:10     | Reached XP level 11. HP: 71/74 MP: 16/21
 12028 | D:10     | Killed Joseph
 12239 | D:9      | Killed Josephine
 12326 | D:10     | Reached ** piety under Vehumet
 12326 | D:10     | Offered knowledge of Magic Dart by Vehumet.
 12393 | D:10     | Noticed Sonja
 12399 | D:10     | Killed Sonja
 12455 | D:10     | Found a staircase to the Orcish Mines.
 12480 | D:10     | Found a staircase to the Lair.
 12563 | D:10     | Noticed an orc sorcerer
 12577 | D:10     | Killed an orc sorcerer
 13005 | D:11     | Noticed a two-headed ogre
 13024 | D:11     | Killed a two-headed ogre
 13172 | D:11     | Got the Papyrus of Creation
 13201 | D:11     | Noticed a two-headed ogre
 13209 | D:11     | Killed a two-headed ogre
 13360 | D:11     | Found a runed translucent door.
 13360 | D:11     | Found a shimmering altar of Xom.
 13360 | D:11     | Noticed erker's ghost (journeyman OpEE)
 13360 | D:11     | Noticed a +0 long sword of chaos
 13885 | D:11     | Noticed a two-headed ogre
 13889 | D:11     | Killed a two-headed ogre
 14246 | D:12     | Noticed a white ugly thing
 14257 | D:12     | Noticed a death knight
 14262 | D:12     | Noticed a phantasmal warrior
 14265 | D:12     | Offered knowledge of Scorch by Vehumet.
 14278 | D:11     | Killed a death knight
 14456 | Orc:1    | Entered Level 1 of the Orcish Mines
 14489 | Orc:1    | Noticed an orc knight
 14615 | Orc:1    | Reached *** piety under Vehumet
 14733 | Orc:1    | Noticed an orc sorcerer
 14742 | Orc:1    | Killed an orc sorcerer
 14903 | Orc:1    | Killed an orc knight
 15156 | Orc:2    | Entered Level 2 of the Orcish Mines
 15192 | Orc:2    | Noticed a stone giant
 15272 | Orc:2    | Reached XP level 12. HP: 92/93 MP: 19/23
 15299 | Orc:1    | Killed a stone giant
 15429 | Orc:2    | Found Meunor's Antique Weapon Boutique.
 15539 | Orc:2    | Found Agemichu's General Store.
 15539 | Orc:2    | Noticed an ettin
 15549 | Orc:2    | Mangled by an ettin

Illustrated notes

Levels and vault maps discovered:
D:1:      dpeg_arrival_round_a, layout_rooms
D:2:      layout_loops_corners, minmay_tetromino_i4, uniq_natasha, uniq_robin
D:3:      layout_loops_corners, serial_forest, infiniplex_forest_straight_4,
          infiniplex_forest_clump_diagonal, infiniplex_forest_clump_diagonal,
          infiniplex_forest_end_3, bh_walls_and_bars
D:4:      layout_loops_ring, serial_co_window_serial, co_window_corner_a,
          co_window_paths_a, co_window_paths_b, co_window_cross_1,
          co_window_paths_b, co_window_cross_4, co_window_corner_b,
          co_window_corner_b, co_window_corner_cb, co_window_sun,
          co_window_4corner_a, glass_columns_a, glass_columns_a,
          glass_columns_a, glass_columns_c
D:5:      layout_basic
D:6:      wad_pebble_path, layout_basic, minmay_temple_entry_statues,
          nicolae_shop_gadgets
D:7:      layout_rooms, nicolae_kikubaaqudgha_miasma_corner,
          hangedman_decor_points
D:8:      hangedman_cross_stitches, layout_loops_ring,
          nemelex_diamond_rough_becter, minivault_27, kennysheep_generic_room_15
D:9:      layout_loops_cross, serial_shops, shop, chequers_serial_rivers_micro_c
D:10:     layout_loops_cross, lair_entry_dummy, orc_0_dummy, minmay_librarian,
          uniq_josephine, uniq_joseph, uniq_sonja
D:11:     layout_grid_maze, ebering_ghost_xom
D:12:     minmay_textured_paths, layout_cave_pools, nzn_life_drinkers
Temple:   mainiacjoe_temple_cubbyholes
Orc:1:    layout_diamond_mine, mines2_david
Orc:2:    grunt_orc_gardens, layout_caves, grunt_orc_garden, grunt_orc_garden,
          grunt_orc_garden, grunt_orc_garden, basic_altar

Skill      XL: |  1  2  3  4  5  6  7  8  9 10 11 12 |
---------------+-------------------------------------+-----
Stealth        | 2 3 4 5 6 7 8 |  8.5
Dodging        | 2 3 4 5 6 7 |  7.8
Fighting       | 1 2 3 4 6 7 8 |  8.3
Ice Magic      | 4 5 6 7 8 |  8.6
Spellcasting   | 3 4 5 6 7 8 |  8.0
Conjurations   | 1 3 4 6 7 |  7.4

Action                   |  1- 3 |  4- 6 |  7- 9 | 10-12 || total
-------------------------+-------+-------+-------+-------++-------
Melee: Unarmed           |    13 |       |       |       ||    13
       Dagger            |    48 |    84 |   117 |       ||   249
       Punch             |     1 |     1 |     5 |     4 ||    11
       Tailslap          |       |     5 |    45 |    49 ||    99
       Short sword       |       |       |   110 |   302 ||   412
 Cast: Freeze            |    21 |    13 |     1 |     9 ||    44
       Frozen Ramparts   |       |     5 |    20 |    41 ||    66
       Ozocubu's Armour  |       |       |    18 |    36 ||    54
       Hailstorm         |       |       |       |     6 ||     6
Evoke: Wand              |       |       |       |     1 ||     1
  Use: Potion            |       |       |     3 |     1 ||     4
       Scroll            |       |       |       |     9 ||     9
 Stab: Sleeping          |     4 |     1 |     6 |     5 ||    16
       Distracted        |       |       |     3 |     1 ||     4
       Paralysed         |       |       |       |     2 ||     2
Armor: Leather armour    |     9 |    31 |    62 |    48 ||   150
       Troll leather arm |       |       |       |    94 ||    94
Dodge: Dodged            |    36 |    54 |   150 |   262 ||   502
